 Dungeon Crawl Stone Soup version 0.29-a0-91-gdebf4667c2 (webtiles) character file.

Game seed: 17102550734495021798

47 quinacamus the Ruffian (level 3, -3/28 HPs)
             Began as a Draconian Transmuter on Feb 7, 2022.
             Slain by Sigmund (7 damage)
             ... on level 2 of the Dungeon.
             The game lasted 00:15:20 (1169 turns).

quinacamus the Ruffian (Draconian Transmuter)       Turns: 1169, Time: 00:15:20

Health: -3/28      AC:  5    Str: 14    XL:     3   Next: 48%
Magic:  6/6        EV: 12    Int: 13    God:
Gold:   61         SH:  0    Dex: 11    Spells: 5/6 levels left

rFire   . . .      SeeInvis .   e - +1 whip (vamp)
rCold   . . .      Faith    .   (no shield)
rNeg    . . .      Spirit   .   (armour unavailable)
rPois   .          Reflect  .   (helmet restricted)
rElec   .          Harm     .   (no cloak)
rCorr   .          Rampage  .   (no gloves)
Will    .....                   (no boots)
Stlth   +.........              (no amulet)
HPRegen 0.09/turn               (no ring)
MPRegen 0.10/turn               (no ring)

@: no status effects
A: AC +5, unfitting armour, cold-blooded
a: no special abilities


You were on level 2 of the Dungeon.
You visited 1 branch of the dungeon, and saw 2 of its levels.

You collected 61 gold pieces.

Inventory:

Hand Weapons
 b - a +1 short sword
 e - a +1 vampiric whip (weapon)
 i - a +0 battleaxe
 j - a +0 dagger
Missiles
 g - 45 stones
Armour
 c - a +0 leather armour
 d - a +0 scale mail
Scrolls
 f - 2 scrolls of teleportation
 h - 2 scrolls of identify {unknown}
 k - a scroll of amnesia {unknown}
 l - a scroll of brand weapon {unknown}
Potions
 a - a potion of attraction


   Skills:
 + Level 1.3 Fighting
 + Level 0.9 Short Blades
 + Level 2.1 Dodging
 + Level 3.5 Unarmed Combat
 + Level 2.3 Spellcasting
 + Level 2.4 Transmutations


You had 5 spell levels left.
You knew the following spells:

 Your Spells              Type           Power      Damage    Failure   Level
a - Beastly Appendage     Tmut           14%        N/A       9%          1

Your spell library contained the following spells:

 Spells                   Type           Power      Damage    Failure   Level
 Wereblood                Tmut           7%         N/A       14%         2
 Spider Form              Tmut/Pois      4%         N/A       41%         3
 Ice Form                 Ice/Tmut       4%         N/A       83%         4


Dungeon Overview and Level Annotations

Branches:
Dungeon (2/15)

Altars:
Ashenzari

Annotations:
D:2 Sigmund


Innate Abilities, Weirdness & Mutations

Your plain brown scales are hard. (AC +5)
You cannot fit into any form of body armour.
You are cold-blooded and may be slowed by cold attacks.


Message History

It is a scroll of enchant weapon.
Your +0 short sword glows red for a moment.
You see here a +0 dagger.
Things that are here:
a +1 vampiric whip; a kobold corpse
Things that are here:
a +1 vampiric whip; a kobold corpse
e - a +1 vampiric whip You feel a sense of dread.
e - a +1 vampiric whip (weapon)
Found a leather armour.
You see here a +0 leather armour.
Found 2 scrolls of teleportation.
Sigmund the Dreaded comes into view.
He is wielding a +0 scythe and wearing a +1 robe of willpower.
Sigmund shouts!
Sigmund gestures wildly while chanting.
Sigmund flickers and vanishes!
Deactivating autopickup; reactivate with Ctrl-A.
You hear some strange, mumbled words.
Something tries to affect you, but you resist.
Something hits you.
An endoplasm comes into view.
The endoplasm quivers.
Something hits you.
You see here 2 scrolls of teleportation.
Something hits you. Something barely misses you.
You see here 2 scrolls of teleportation.
f - 2 scrolls of teleportation Something hits you!
* * * LOW HITPOINT WARNING * * *
Something barely misses you.
You hit the endoplasm.
The endoplasm is heavily wounded.
The endoplasm closely misses you. The endoplasm freezes you.
You are frozen.
* * * LOW HITPOINT WARNING * * *
Something hits you!
You die...

######..÷.....## ##.#
.......#..#.#..# ..#
#########...##.# ....
########.......# .....
.........####..######
....... ##########
#.......##.≈......
######...........≈..).≈
..........{..##
########.@J..# #♣ ##
#.....# .##P# #######
P..P♣ #..##♣ #...P♣
#..PP♣ .P.P♣♣ #PP♣P#


You could see an endoplasm.

Vanquished Creatures
  A dart slug (D:2)
  5 bats
  4 endoplasms
  4 giant cockroaches
  3 goblins
  2 hobgoblins
  9 kobolds
  2 quokkas
  4 ball pythons
  4 frilled lizards
  3 rats (D:2)
41 creatures vanquished.

Vanquished Creatures (others)
  8 plants (D:2)
  4 toadstools (D:1)
12 creatures vanquished.

Grand Total: 53 creatures vanquished

Notes
Turn   | Place    | Note
-------+----------+-------------------------------------------
     0 | D:1      | quinacamus the Draconian Transmuter began the quest for the
                  | Orb.
     0 | D:1      | Reached XP level 1. HP: 16/16 MP: 3/3
   299 | D:1      | Reached XP level 2. HP: 17/23 MP: 5/5
   767 | D:2      | Reached XP level 3. HP: 8/28 MP: 6/6
   850 | D:2      | Found a broken altar of Ashenzari.
  1155 | D:2      | Noticed Sigmund
  1169 | D:2      | Slain by Sigmund

Illustrated notes

Levels and vault maps discovered:
D:1:      ldierk_walled_garden_2, layout_basic, minmay_split_cup_large
D:2:      layout_rooms, basic_altar, chequers_ecumenical_altar_island,
          lexackson_kobold_supper, uniq_sigmund

Skill      XL: |  1  2 |
---------------+-------+-----
Dodging        | 2 |  2.1
Fighting       | |  1.3
Short Blades   | |  0.9
Unarmed Combat | |  3.5
Spellcasting   | |  2.3
Transmutations | |  2.4

Action                   || total
-------------------------++-------
Melee: Short sword       ||   141
       Unarmed           ||    10
       Kick              ||     3
       Headbutt          ||     2
       Punch             ||     4
       Tailslap          ||    20
       Whip              ||     1
 Cast: Beastly Appendage ||     5
  Use: Potion            ||     6
       Scroll            ||     2
Armor: Skin              ||    79
Dodge: Dodged            ||   146

Table legend: (Time is in decaauts)
 A = Elapsed time spent in this place.
 B = Non-inter-level travel time spent in this place.
 C = Inter-level travel time spent in this place.
 D = Time resting spent in this place.
 E = Time spent auto-exploring this place.
 F = Levels seen in this place.
 G = Mean time per level.
                   A        B        C        D        E       F      G
               +--------+--------+--------+--------+--------+-----+--------+
         Total |   1179 |   1179 |      0 |      0 |      0 |   2 |  589.5 |
       Dungeon |   1179 |   1179 |      0 |      0 |      0 |   2 |  589.5 |
               +--------+--------+--------+--------+--------+-----+--------+

Top non-repeatable levels by time:
     D:1: 639 daAuts
     D:2: 539 daAuts
